AoeStats
← Léon gontran

Nomad

509203125Analyzed
4v4 RM · 5d ago on Sep 25, 2026· 59m 20s· 8 players
Game mode
Random Map
Map size
231×231
Population
200
Speed
Normal
Resources
Standard
Victory
Conquest
Starting age
Dark Age
Ending age
Imperial Age
RankedLock teamsTeams togetherTeam positionsShared explorationLock speedFull tech treeHidden civsTurbo modeCheats
Victory
Defeat
🇦🇷 Malians · Argentina
1245
+15
🇨🇱 Danes · Chile
1231
+16
🇨🇱 Varangians · Chile
1227
+16
🇫🇷 Burgundians · France
1206
+17
🇮🇹 Khitans · Italy
1300
-20
🇮🇹 Varangians · Italy
1269
-18
🇮🇹 Vikings · Italy
1162
-13
🇬🇧 Romans · United Kingdom
1151
-13
|VNKS| Ildemaro14
5:14 Loom
13:32 Feudal Age
16:28 Bloodlines
18:08 Forging
18:25 Scale Barding Armor
29:26 Castle Age
30:24 Double-Bit Axe
30:20 Horse Collar
32:36 Bow Saw
34:52 Iron Casting
34:38 Chain Barding Armor
38:45 Imperial Age
39:58 Ballistics
42:05 Elite Jarl
48:50 Heavy Plow
49:52 Two-Man Saw
48:43 Gold Mining
50:16 Chemistry
50:54 Blast Furnace
51:41 Plate Barding Armor
57:13 Wheelbarrow
57:10 Crop Rotation
56:31 Stone Mining
Stor3y76
5:43 Loom
13:55 Feudal Age
14:27 Double-Bit Axe
14:28 Fishing Lines
22:21 Castle Age
23:51 Bow Saw
23:57 Gillnets
25:03 Gold Mining
26:13 Pikeman
29:15 Fletching
34:52 Scale Mail Armor
40:04 Wheelbarrow
39:20 Horse Collar
42:36 Imperial Age
40:19 Town Watch
41:05 Chain Mail Armor
42:21 Forging
43:38 Iron Casting
44:27 Plate Mail Armor
47:03 Ballistics
47:43 Chemistry
49:50 Elite Jomsviking
53:12 Blast Furnace
51:48 Hamask
52:06 Onager
56:57 Gold Shaft Mining
56:40 Hand Cart
56:24 Bodkin Arrow
56:39 Siege Engineers
58:42 Heavy Plow
59:20 Northmen's Fury
Léon gontran
7:19 Loom
10:15 Fishing Lines
15:04 Feudal Age
15:35 Double-Bit Axe
20:58 Castle Age
19:13 Bow Saw
19:04 Gillnets
21:02 Wheelbarrow
20:57 Scale Barding Armor
21:03 Forging
21:49 Cavalier
25:33 Hand Cart
29:14 Husbandry
29:23 Horse Collar
30:17 Heavy Plow
30:59 Town Watch
33:17 Two-Man Saw
35:40 Imperial Age
33:17 Town Patrol
34:19 Crop Rotation
42:42 Paladin
50:50 Gold Mining
51:50 Chain Barding Armor
55:06 Plate Barding Armor
55:48 Gold Shaft Mining
55:31 Light Cavalry
56:49 Iron Casting
56:38 Hussar
58:51 Blast Furnace
JUNCAL
7:33 Loom
14:38 Feudal Age
15:34 Double-Bit Axe
18:07 Wheelbarrow
17:50 Gold Mining
23:25 Castle Age
21:38 Stone Mining
24:31 Medium Warships
27:01 Gold Shaft Mining
27:49 Horse Collar
29:07 Scale Mail Armor
29:44 Fishing Lines
30:20 Gillnets
31:08 Chain Mail Armor
33:16 Forging
40:15 Imperial Age
40:33 Bow Saw
41:02 Iron Casting
42:58 Plate Mail Armor
45:38 Squires
45:25 Arson
46:17 Heavy Plow
52:31 Farimba
52:39 Scale Barding Armor
53:21 Light Cavalry
54:11 Bloodlines
54:29 Chain Barding Armor
55:51 Husbandry
56:29 Plate Barding Armor
57:44 Crop Rotation
Mich
5:50 Loom
13:44 Feudal Age
14:50 Double-Bit Axe
17:27 Horse Collar
22:21 Castle Age
21:27 Scale Barding Armor
22:51 Forging
24:10 Bloodlines
24:01 Husbandry
26:35 Chain Barding Armor
35:43 Iron Casting
41:37 Heavy Plow
41:57 Fletching
50:21 Imperial Age
50:31 Cavalier
55:42 Plate Barding Armor
56:07 Blast Furnace
56:10 Pikeman
56:51 Squires
57:14 Bow Saw
57:08 Halberdier
58:45 Wheelbarrow
Tattico87
4:58 Loom
15:10 Feudal Age
16:13 Fishing Lines
16:45 Double-Bit Axe
19:16 Castle Age
18:02 Forging
19:53 Fletching
20:50 Gillnets
23:20 Bow Saw
23:33 Scale Mail Armor
25:34 Gold Mining
27:10 Pikeman
29:03 Chain Mail Armor
31:32 Squires
31:56 Stone Mining
33:28 Stone Shaft Mining
37:07 Arson
37:29 Lamellar Armor
40:19 Wheelbarrow
45:53 Imperial Age
44:51 Bodkin Arrow
44:56 Padded Archer Armor
45:31 Iron Casting
45:05 Elite Skirmisher
45:50 Thumb Ring
46:54 Leather Archer Armor
48:08 Bracer
49:00 Conscription
48:21 Man-at-Arms
50:16 Hand Cart
50:19 Hand Cart
51:10 Plate Mail Armor
51:10 Ring Archer Armor
51:08 Ballistics
51:50 Murder Holes
52:56 Chemistry
51:38 Treadmill Crane
53:17 Ring Archer Armor
56:08 Scale Barding Armor
55:45 Heavy Camel Rider
56:26 Husbandry
57:53 Chain Barding Armor
[The_Duke_Of_Salame]
6:15 Loom
13:32 Feudal Age
14:46 Double-Bit Axe
15:12 Fletching
16:14 Scale Mail Armor
15:39 Man-at-Arms
16:56 Horse Collar
27:11 Wheelbarrow
30:04 Castle Age
29:39 Town Watch
30:18 Long Swordsman
31:22 Chain Mail Armor
33:05 Elite Skirmisher
34:59 Bodkin Arrow
38:13 Crossbowman
38:55 Padded Archer Armor
45:31 Hand Cart
dannythechef
13:38 Loom
16:05 Feudal Age
16:51 Horse Collar
17:04 Gold Mining
18:44 Fletching
18:56 Padded Archer Armor
23:58 Castle Age
22:03 Double-Bit Axe
24:41 Bodkin Arrow
24:33 Crossbowman
30:30 Leather Archer Armor
36:36 Ballistics
37:01 Bow Saw
40:48 Man-at-Arms
45:23 Imperial Age
46:14 Arbalester
48:11 Chemistry
49:35 Bracer
53:04 Ring Archer Armor
57:02 Scale Mail Armor
57:12 Forging
57:25 Squires
57:11 Arson
Connection lost

Rejoining the realm…

Still unreachable

The connection could not be restored.

Session expired

The server has moved on; the page needs a fresh start.